 Dungeon Crawl Stone Soup version 0.14-a0-1007-gacdcbbe (webtiles) character file.

204 MackTheKnife the Twirler (level 4, -1/35 HPs)
             Began as a Demonspawn Gladiator on Nov 22, 2013.
             Slain by Crazy Yiuf
             ... wielding a +4,+4 quarterstaff of chaos
              (9 damage)
             ... on Level 2 of the Dungeon.
             The game lasted 00:03:34 (2766 turns).

MackTheKnife the Twirler (Demonspawn Gladiator)     Turns: 2766, Time: 00:03:34

HP  -1/35        AC  6     Str 15      XL: 4   Next: 20%
MP   3/3         EV 12     Int 10      God:
Gold 123         SH  0     Dex 14      Spells:  0 memorised,  3 levels left

Res.Fire  : . . .   See Invis. : .   a - +0 quarterstaff
Res.Cold  : . . .   Warding    : .   k - +0 leather armour
Life Prot.: . . .   Conserve   : .   (no shield)
Res.Poison: .       Res.Corr.  : +   c - +0 helmet
Res.Elec. : .       Clarity    : .   (no cloak)
Sust.Abil.: . .     Spirit.Shd : .   (no gloves)
Res.Mut.  : .       Stasis     : .   l - +0 pair of boots
Res.Rott. : .       Flight     : .   j - amulet of resist corrosion
Saprovore : . . .                    (no ring)
                                     (no ring)

@: slightly resistant to hostile enchantments, unstealthy
A: icy blue scales 1
a: no special abilities


You were on level 2 of the Dungeon.
You were not hungry.

You visited 1 branch of the dungeon, and saw 2 of its levels.

You collected 123 gold pieces.


Innate Abilities, Weirdness & Mutations

You are partially covered in icy blue scales (AC +1).


   Skills:
 - Level 2.0 Fighting
 + Level 4.5 Staves
 - Level 1.7 Throwing
 - Level 2.7 Dodging


You had 3 spell levels left.
You didn't know any spells.

Inventory:

Hand weapons
 a - a +0,+0 quarterstaff (weapon)
Missiles
 d - 3 throwing nets (quivered)
Armour
 c - a +0 helmet (worn)
 k - a +0 leather armour (worn)
 l - a +0 pair of boots (worn)
 n - a +1 pair of elven gloves
Comestibles
 b - a meat ration
 f - a bread ration
 m - a lychee
Scrolls
 e - a scroll of teleportation
 o - a scroll of identify
 p - a scroll of remove curse
Jewellery
 j - an amulet of resist corrosion (around neck)
Potions
 g - 2 potions of heal wounds {unknown}
 h - 3 potions of curing {unknown}
 i - a potion of slowing {unknown}

▒·▒▒·▒ ▒·▒▒·▒ ▒▒▒▒ ▒·▒▒·▒
···▒▒▒▒▒▒▒▒ ▒·▒▒·▒
········)>▒░░░░░░░▒▒▒▒▒▒░
···▒▒▒▒·▒·▒▒♣♣♣♣♣♣░░░░░░░░
···))··▒▒▒▒▒♣♣♣♣♣♣♣♣░░░░░▒▒▒▒▒
····▒▒▒·▒··▒··♣·♣♣♣▒░░░░░▒···▒
>·▒·▒ ▒▒·······♣@g♣▒◦◦◦░░▒▒▒·▒
··▒·▒ ▒······♣♣♣♣·····▒░▒▒▒·▒
·(▒·▒ ▒▒··▒·♣♣♣♣♣♣▒··)▒░▒···▒
·<▒·▒ ▒▒▒▒♣♣♣♣░░░░░▒▒▒░▒▒··▒
··▒·▒▒▒▒▒▒▒▒♣♣♣░░░ ░░░░░░░▒··▒
··········▒░░░░░ ░░░░░░░░▒··▒
········▒▒▒▒▒▒▒▒▒▒▒▒░░▒▒▒▒▒··▒
····▒▒▒·▒ ▒·▒▒·▒▒··▒ ▒······▒
▒ ··▒·▒ ▒·▒▒▒··▒·▒▒··▒
▒·▒▒▒·▒▒▒▒▒


You could see Crazy Yiuf.


Message History

a trident; a kobold corpse You see here a club.
Crazy Yiuf comes into view.
He is wielding a quarterstaff of chaos.
Crazy Yiuf shouts!
Crazy Yiuf says, "Snower!"
Crazy Yiuf moves out of view.
Found an orcish club.
You barely miss Crazy Yiuf.
Crazy Yiuf hits you with a quarterstaff of chaos.
You hit Crazy Yiuf.
Crazy Yiuf is lightly wounded.
Crazy Yiuf hits you with a quarterstaff of chaos.
Crazy Yiuf burns you.
You closely miss Crazy Yiuf.
Crazy Yiuf is lightly wounded.
Crazy Yiuf barely misses you.
You hit Crazy Yiuf but do no damage.
Crazy Yiuf is lightly wounded.
Crazy Yiuf laughs, "Shower!
Action horse snail."
Crazy Yiuf hits you with a quarterstaff of chaos.
You hit Crazy Yiuf.
Crazy Yiuf is moderately wounded.
Crazy Yiuf hits you with a quarterstaff of chaos!
* * * LOW HITPOINT WARNING * * *
Crazy Yiuf freezes you.
* * * LOW HITPOINT WARNING * * *
You barely miss Crazy Yiuf.
Crazy Yiuf is moderately wounded.
Crazy Yiuf hits you with a quarterstaff of chaos!
You die...

Action                   |  1- 3 |  4- 6 || total
-------------------------+-------+-------++-------
Melee: Quarterstaff      |   139 |    25 ||   164
  Use: Scroll            |     8 |       ||     8

Vault maps used:
D:1:      onia_entry_mini_maze_b
D:2:      minivault_25, uniq_crazy_yiuf_cottage

Notes
Turn   | Place    | Note
--------------------------------------------------------------
     0 | D:1      | MackTheKnife, the Demonspawn Gladiator, began the quest for the Orb.
     0 | D:1      | Reached XP level 1. HP: 17/17 MP: 0/0
   198 | D:1      | Reached skill level 3 in Staves
   350 | D:1      | Gained mutation: You are partially covered in icy blue scales (AC +1). [demonic ancestry]
   350 | D:1      | Reached XP level 2. HP: 4/23 MP: 1/1
  1364 | D:1      | Reached XP level 3. HP: 12/28 MP: 2/2
  1658 | D:2      | Reached skill level 4 in Staves
  2216 | D:2      | Reached XP level 4. HP: 32/35 MP: 3/3
  2756 | D:2      | Noticed Crazy Yiuf
  2766 | D:2      | Slain by Crazy Yiuf

Vanquished Creatures
  3 adders
  A worm (D:2)
  6 goblins
  6 hobgoblins
  12 jackals
  9 kobolds
  5 bats
  2 giant cockroaches
  3 giant newts
  A quokka (D:1)
  4 rats (D:1)
52 creatures vanquished.
